 Dungeon Crawl Stone Soup version 0.25.1-8-g42b30a86e7 (webtiles) character file.

Game seed: 2176454039927384232

126557 promet the Warrior (level 16, -2/158 HPs)
             Began as a Minotaur Fighter on Nov 25, 2020.
             Was the Champion of Wu Jian.
             Slain by a merfolk siren
             ... wielding a +1 spear of distortion
              (3 damage)
             ... on level 3 of the Shoals on Dec 21, 2020.
             The game lasted 05:33:40 (36051 turns).

promet the Warrior (Minotaur Fighter)              Turns: 36051, Time: 05:33:41

Health: -2/158     AC: 38    Str: 23    XL:     16   Next: 44%
Magic:  15/15      EV: 14    Int:  7    God:    Wu Jian [******]
Gold:   906        SH:  5    Dex: 26    Spells: 15/15 levels left

rFire    . . .     SeeInvis +   a - +9 halberd (protect)
rCold    . . .     Gourm    .   (shield currently unavailable)
rNeg     . . .     Faith    .   j - +8 chain mail of Yvegg {rPois}
rPois    +         Spirit   .   K - +2 hat {SInv}
rElec    .         Reflect  +   n - +2 cloak
rCorr    .         Harm     .   H - +0 pair of gloves "Rues" {Dex+7}
MR       +....                  u - +2 pair of boots
Stlth    ..........             g - amulet of reflection
HPRegen  0.36/turn              l - +6 ring of dexterity
MPRegen  0.14/turn              N - ring of flight

@: about to teleport, engulfed (cannot breathe), protection aura, flying,
mesmerised, studying Short Blades
A: retaliatory headbutt, horns 2
a: Wall Jump, Serpent's Lash, Heavenly Storm, Renounce Religion, Stop Flying


You were on level 3 of the Shoals.
You worshipped Wu Jian.
Wu Jian was exalted by your worship.
You were not hungry.

You visited 5 branches of the dungeon, and saw 27 of its levels.

You collected 2615 gold pieces.
You spent 1709 gold pieces at shops.

Inventory:

Hand Weapons
 a - a +9 halberd of protection (weapon)
 b - the +4 arbalest "Xuthrixe" {elec, SInv}
   (You found it on level 2 of the Lair of Beasts)

   It charges the ammunition it shoots with electricity; occasionally upon a
   hit, such missiles may discharge and cause terrible harm.
   It lets you see invisible.
 q - a +5 war axe of freezing
 w - a +2 great sword of flaming
 x - a +3 longbow of flaming
 E - the +8 flail of Kindness {freeze, rPois MP-9 Str+7}
   (You found it on level 1 of the Lair of Beasts)

   It has been specially enchanted to freeze those struck by it, causing extra
   injury to most foes and up to half again as much damage against particularly
   susceptible opponents.
   It can also slow down cold-blooded creatures.
   It affects your strength (+7).
   It protects you from poison.
   It affects your magic capacity (-9).
Missiles
 h - 619 stones
 i - 166 bolts
 k - 6 atropa-tipped darts
 p - 8 datura-tipped darts
 J - 90 poisoned darts
 S - a silver javelin (quivered)
 Y - 66 boomerangs
Armour
 j - the +8 chain mail of Yvegg (worn) {rPois}
   (You found it on level 6 of the Lair of Beasts)

   It protects you from poison.
 n - a +2 cloak (worn)
 u - a +2 pair of boots (worn)
 H - the +0 pair of gloves "Rues" (worn) {Dex+7}
   (You found it on level 7 of the Dungeon)

   It affects your dexterity (+7).
 K - a +2 hat of see invisible (worn)
Jewellery
 g - an amulet of reflection (around neck)
 l - a +6 ring of dexterity (left hand)
 v - the amulet "Kunliy" {Faith Slay+2}
   (You bought it in a shop on level 5 of the Dungeon)

   [amulet of faith]

   It allows you to gain divine favour quickly.
   It affects your accuracy and damage with ranged weapons and melee attacks
   (+2).
 D - an uncursed ring of resist corrosion
 L - an uncursed ring of protection from fire
 N - a ring of flight (right hand)
 Q - an uncursed ring of poison resistance
 R - an uncursed ring of see invisible
Wands
 A - a wand of iceblast (4)
 M - a wand of paralysis (35)
 T - a wand of disintegration (10)
 W - a wand of random effects (13)
Scrolls
 o - 2 scrolls of blinking
 s - 2 scrolls of amnesia
 t - 5 scrolls of teleportation
 I - a scroll of fear
 O - 3 scrolls of enchant armour
 U - 3 scrolls of summoning
 V - 6 scrolls of remove curse
 Z - a scroll of enchant weapon
Potions
 c - 3 potions of brilliance
 d - 4 potions of might
 e - 2 potions of stabbing
 m - 5 potions of flight
 r - 9 potions of curing
 C - a potion of berserk rage
 G - a potion of resistance
 X - a potion of heal wounds
Books
 z - a manual of Short Blades
Miscellaneous
 y - a tin of tremorstones (3/3)
 B - a box of beasts
 P - a phial of floods
Comestibles
 f - 29 rations
 F - 7 chunks of flesh


   Skills:
 * Level 18.3 Fighting
 + Level 7.3 Long Blades
 + Level 4.5(12.1) Axes
 + Level 1.5(3.2) Maces & Flails
 + Level 16.6(16.8) Polearms
 + Level 10.5 Crossbows
 + Level 11.7 Throwing
 + Level 12.2 Armour
 + Level 6.5 Dodging
 + Level 2.8 Stealth
   Level 6.6 Shields
 + Level 0.7 Evocations


You had 15 spell levels left.
You didn't know any spells.
Your spell library contained the following spells:

 Spells                   Type           Power        Failure   Level  Hunger
 Corona                   Hex            #......      93%         1    ##.....
 Foxfire                  Conj/Fire      #...         93%         1    ##.....
 Magic Dart               Conj           #...         93%         1    ##.....
 Blink                    Tloc           N/A          98%         2    ###....
 Call Imp                 Summ           #.......     98%         2    ###....
 Slow                     Hex            #.......     98%         2    ###....
 Conjure Flame            Conj/Fire      #.......     100%        3    ####...
 Inner Flame              Hex/Fire       #.......     100%        3    ####...
 Mephitic Cloud           Conj/Pois/Air  #.......     100%        3    ####...
 Portal Projectile        Hex/Tloc       #.....       100%        3    ####...
 Cause Fear               Hex            #.........   100%        4    #####..
 Leda's Liquefaction      Hex/Erth       #.........   100%        4    #####..
 Sticky Flame             Conj/Fire      #.......     100%        4    #####..
 Fireball                 Conj/Fire      #.........   100%        5    ######.


Dungeon Overview and Level Annotations

Branches:
Dungeon (15/15)            Temple (1/1) D:4            Lair (6/6) D:11
 Shoals (3/4) Lair:4        Snake (0/4) Lair:4        Slime (0/5) Lair:6
    Orc (2/2) D:9             Elf (0/3) Orc:2        Vaults (0/5) D:14
 Depths (0/5) D:15

Altars:
Ashenzari
Cheibriados
Dithmenos
Elyvilon
Fedhas
Gozag
Hepliaklqana
Kikubaaqudgha
Makhleb
Nemelex Xobeh
Okawaru
Qazlal
Ru
Sif Muna
Trog
Uskayaw
Vehumet
Wu Jian
Xom
Yredelemnul
Zin
The Shining One
Jiyva

Shops:
D:4 *   D:5 =   D:6 :   D:7 *   D:9 :   D:12 *   D:13 %   Orc:1 =   Orc:2 :[*(

Annotations:
D:2 exclusion: oklob plant
D:12 3 runed translucent doors, hawla's ghost, journeyman DrCj
D:14 Roxanne
Lair:1 3 runed translucent doors, tsbored's ghost, novice HOFi
Lair:3 1 runed translucent door, Gadfly's ghost, journeyman DrNe
Lair:6 1 runed translucent door
Shoals:1 1 runed translucent door, pokeman's ghost, adept DEWz
Shoals:2 Bai Suzhen
Shoals:3 Ilsuiw
Orc:1 1 runed translucent door, hawkwood's ghost, journeyman DgAr


Innate Abilities, Weirdness & Mutations

You reflexively headbutt those who attack you in melee.
You have a pair of horns on your head.


Message History

* * * LOW HITPOINT WARNING * * *
Your lungs strain for air!
The water elemental barely misses you.
The merfolk siren chants its luring song.
Ilsuiw hits you but does no damage.
The merfolk siren chants its luring song.
You block the water elemental's attack.
The merfolk siren chants its luring song.
The merfolk impaler hits you but does no damage.
The water nymph completely misses you.
You cannot read scrolls while unable to breathe!
You puncture Ilsuiw! Your headbutt misses Ilsuiw.
Ilsuiw is almost dead.
* * * LOW HITPOINT WARNING * * *
Your lungs strain for air!
You block the water elemental's attack. The water elemental hits you!
* * * LOW HITPOINT WARNING * * *
The merfolk siren hits you but does no damage.
Space bends around you.
You die...

≈≈≈≈≈≈≈≈≈≈...≈P≈≈≈.###..≈
≈≈≈≈≈≈≈≈≈≈≈≈≈≈≈≈≈..# #..≈
≈≈≈≈P≈≈≈.≈≈≈≈≈≈≈≈≈.###..≈
≈≈≈≈≈≈..P.≈≈≈≈≈≈≈≈......≈
≈≈≈≈≈≈..#.≈≈P≈≈≈≈≈≈....≈≈
≈≈≈≈≈≈.≈..≈≈≈≈≈P≈≈≈≈≈≈≈≈≈
.###≈.≈≈.≈≈≈≈≈≈≈≈≈≈≈≈≈≈
...##≈mmm≈?.#.≈≈≈≈≈≈≈≈≈≈
≈≈.$..≈E@Em..##.≈≈≈≈≈≈≈≈≈
≈≈....≈≈mE≈≈...≈≈≈≈≈≈≈≈≈≈
≈P..(≈≈§m≈≈≈≈≈≈≈≈≈≈≈≈≈≈≈≈
≈≈≈P≈P≈≈m≈≈P≈≈≈≈≈≈
≈≈≈P≈≈≈P≈≈≈≈P≈≈≈≈≈
≈P≈P≈≈≈≈≈≈≈≈≈≈≈≈≈≈
.≈≈≈≈≈≈≈≈P≈≈≈≈≈≈≈
≈≈P≈≈≈≈≈≈≈≈≈≈≈≈≈
Pm..≈≈≈§§§≈≈≈..


You could see Ilsuiw, 2 merfolk impalers, 3 water elementals, 3 merfolk sirens
and a water nymph.

Vanquished Creatures
  Rupert (Lair:6)
  A kraken (Shoals:2)
  Gastronok (D:9)
  A fire giant (D:15)
  An orc warlord (Orc:1)
  A stone giant (Orc:2)
  Nessos (Orc:2)
  Azrael (Orc:2)
  4 dire elephants (Lair:6)
  4 merfolk impalers
  A hydra (Lair:5)
  A yaktaur captain (D:14)
  Erolcha (Orc:2)
  An anaconda (Lair:6)
  2 alligator snapping turtles (Shoals:2)
  17 two-headed ogres
  4 centaur warriors
  A merfolk avatar (Shoals:3)
  2 ogre magi (D:15)
  5 orc high priests
  Urug (D:10)
  2 sea snakes (Shoals:2)
  4 skeletal warriors
  4 unseen horrors
  7 harpies
  5 orc knights
  2 deep elf magi (D:15)
  3 ugly things
  An oklob plant (Lair:1)
  7 fauns
  3 cyclopes
  8 manticores
  6 orc sorcerers
  20 elephants
  3 black mambas
  4 gargoyles
  3 merfolk sirens
  3 water nymphs
  Maggie (D:6)
  12 spiny frogs
  2 yaktaurs (D:14)
  4 komodo dragons
  3 rime drakes
  4 kobold demonologists
  10 trolls
  10 merfolk
  A polar bear (Lair:4)
  A wolf spider simulacrum (D:15)
  5 hornets
  5 blink frogs (D:11)
  2 wind drakes
  A blink frog (shapeshifter) (D:11)
  15 slime creatures
  6 snapping turtles
  11 hippogriffs
  A vampire (D:14)
  2 water elementals
  2 wraiths
  3 wyverns
  4 basilisks
  59 yaks
  2 hungry ghosts
  A steam dragon (D:10)
  4 fire elementals
  Grum (Lair:1)
  3 vampire mosquitoes (D:12)
  4 wargs
  A harpy simulacrum (D:15)
  4 nagas (Lair:4)
  21 water moccasins
  An acid dragon (D:14)
  5 hell hounds (Orc:1)
  8 porcupines
  2 ice beasts
  6 sky beasts
  3 black bears
  2 phantoms
  An eye of draining (D:13)
  A necrophage (D:13)
  46 orc warriors
  10 ogres
  12 wolves
  20 centaurs
  12 crocodiles
  13 big kobolds
  16 bullfrogs
  A gnoll sergeant (D:10)
  4 wyvern zombies
  4 scorpions
  A wyvern skeleton (D:11)
  8 killer bees
  5 vampire bats
  4 wights (D:8)
  10 howler monkeys
  6 electric eels
  4 bullfrog zombies
  8 crimson imps
  A quasit (D:11)
  3 centaur zombies
  2 bullfrog skeletons
  4 centaur skeletons
  11 hounds
  2 jellies
  22 orc priests
  An iguana (D:13)
  28 orc wizards
  8 worker ants
  2 hound zombies
  A hound skeleton (D:11)
  A howler monkey skeleton (D:7)
  2 worker ant zombies (D:11)
  7 adders
  27 gnolls
  2 shadow imps
  An ooze (D:4)
  2 adder zombies
  5 worms
  2 dart slugs (D:1)
  6 leopard geckos
  97 orcs
  16 bats
  2 bat skeletons (D:4)
  4 bat zombies (D:4)
  4 giant cockroaches
  12 goblins
  8 hobgoblins
  12 jackals
  6 quokkas
  4 ball pythons
  7 frilled lizards
  29 kobolds
  6 rats
  A bush (Lair:1)
  A butterfly (D:4)
  3 fungi
  9 plants
916 creatures vanquished.

Vanquished Creatures (others)
  A sea snake (Shoals:2)
  22 fungi
  14 plants
  20 tentacles (Shoals:2)
  5 toadstools (D:1)
  2 withered plants (Lair:3)
64 creatures vanquished.

Grand Total: 980 creatures vanquished

Notes
Turn   | Place    | Note
-------+----------+-------------------------------------------
     0 | D:1      | promet the Minotaur Fighter began the quest for the Orb.
     0 | D:1      | Reached XP level 1. HP: 19/19 MP: 0/0
   181 | D:1      | Reached XP level 2. HP: 27/27 MP: 1/1
   325 | D:1      | Reached skill level 4 in Fighting
   639 | D:1      | Reached XP level 3. HP: 33/33 MP: 2/2
   734 | D:1      | Upgraded the game from 0.25.1-2-g60ff931df9 to
                  | 0.25.1-8-g42b30a86e7
  1639 | D:2      | Found a blossoming altar of Fedhas.
  1660 | D:2      | Noticed an oklob plant
  1819 | D:3      | Reached XP level 4. HP: 34/40 MP: 3/3
  1831 | D:3      | Found a shadowy altar of Dithmenos.
  2814 | D:4      | Found Totzugast's General Store.
  2850 | D:4      | Bought 8 datura-tipped darts for 38 gold pieces
  2864 | D:4      | Reached XP level 5. HP: 47/47 MP: 4/4
  2881 | D:4      | Found an ancient bone altar of Kikubaaqudgha.
  2911 | D:4      | Reached skill level 5 in Fighting
  2990 | D:4      | Reached skill level 5 in Shields
  2990 | D:4      | Reached XP level 6. HP: 56/56 MP: 5/5
  3078 | D:4      | Reached skill level 5 in Long Blades
  3083 | D:4      | Reached skill level 1 in Dodging
  3287 | D:4      | Found a bloodstained altar of Trog.
  3705 | D:4      | Found a staircase to the Ecumenical Temple.
  3712 | Temple   | Entered the Ecumenical Temple
  3833 | Temple   | Became a worshipper of the Wu Jian Council
  4132 | D:5      | Entered Level 5 of the Dungeon
  4146 | D:5      | Reached XP level 7. HP: 49/61 MP: 6/6
  4318 | D:5      | Reached skill level 5 in Armour
  4407 | D:5      | Found Japyrch's Jewellery Boutique.
  4619 | D:5      | Reached skill level 1 in Throwing
  4683 | D:5      | Reached skill level 6 in Fighting
  4724 | D:5      | Identified a scroll of acquirement
  4724 | D:5      | Acquired 530 gold pieces
  4844 | D:5      | Bought the amulet "Kunliy" {Faith Slay+2} for 609 gold
                  | pieces
  5065 | D:6      | Found an opulent altar of Gozag.
  5093 | D:6      | Noticed Maggie
  5110 | D:6      | Killed Maggie
  5110 | D:6      | Reached XP level 8. HP: 71/71 MP: 7/7
  5485 | D:6      | Reached skill level 1 in Polearms
  5534 | D:6      | Reached * piety under Wu Jian
  5838 | D:6      | Found Odwug's Book Shoppe.
  6076 | D:7      | Got a pair of faintly humming gloves
  6149 | D:7      | Noticed a hippogriff
  6179 | D:7      | Killed a hippogriff
  6179 | D:7      | Reached skill level 7 in Fighting
  6230 | D:7      | Found Zusemide's Assorted Antiques.
  6394 | D:7      | Reached skill level 5 in Polearms
  6404 | D:7      | Reached XP level 9. HP: 78/79 MP: 8/8
  6682 | D:7      | Reached skill level 1 in Stealth
  7104 | D:7      | Bought a potion of curing for 81 gold pieces
  7158 | D:8      | Found an ancient bone altar of Kikubaaqudgha.
  7387 | D:8      | Reached ** piety under Wu Jian
  7418 | D:8      | Reached skill level 8 in Fighting
  8106 | D:8      | Found a radiant altar of Vehumet.
  8111 | D:8      | Found an iron altar of Okawaru.
  8121 | D:8      | Found a sparkling altar of Nemelex Xobeh.
  8188 | D:9      | Noticed a troll
  8203 | D:9      | Killed a troll
  8203 | D:9      | Reached skill level 5 in Throwing
  8390 | D:9      | Reached XP level 10. HP: 67/90 MP: 9/9
  8545 | D:9      | Reached *** piety under Wu Jian
  8732 | D:9      | Reached skill level 9 in Fighting
  9347 | D:9      | Noticed Gastronok
  9375 | D:9      | Killed Gastronok
  9386 | D:9      | Identified the +0 pair of gloves "Rues" {Dex+7} (You found
                  | it on level 7 of the Dungeon)
  9528 | D:9      | Found a staircase to the Orcish Mines.
  9679 | D:9      | Found Vogevy's Book Boutique.
  9798 | D:9      | Reached **** piety under Wu Jian
  9835 | D:9      | Reached XP level 11. HP: 98/99 MP: 10/10
  9936 | D:10     | Entered Level 10 of the Dungeon
  9951 | D:9      | Reached skill level 10 in Fighting
 10387 | D:10     | Noticed Urug
 10405 | D:10     | Reached skill level 10 in Polearms
 10418 | D:10     | Killed Urug
 10577 | D:10     | Reached ***** piety under Wu Jian
 10785 | D:10     | Noticed an unseen horror
 10792 | D:10     | Killed an unseen horror
 11068 | D:10     | Reached skill level 11 in Fighting
 11253 | D:11     | Noticed a brown ugly thing
 11262 | D:11     | Killed a brown ugly thing
 11594 | D:11     | Noticed an unseen horror
 11599 | D:11     | Killed an unseen horror
 11723 | D:11     | Noticed a skeletal warrior
 11731 | D:11     | Killed a skeletal warrior
 11731 | D:11     | Reached skill level 5 in Dodging
 11731 | D:11     | Reached XP level 12. HP: 64/110 MP: 11/11
 11978 | D:11     | Found a staircase to the Lair.
 12538 | Lair:1   | Entered Level 1 of the Lair of Beasts
 12538 | Lair:1   | Noticed Grum
 12565 | D:11     | Reached skill level 10 in Throwing
 12739 | Lair:1   | Killed Grum
 12783 | D:11     | Reached skill level 12 in Fighting
 12858 | D:11     | Reached ****** piety under Wu Jian
 13238 | Lair:1   | Reached skill level 1 in Axes
 13953 | Lair:1   | You fall into a shaft and drop 1 floor!
 14052 | Lair:2   | Got an iridescent arbalest
 14053 | Lair:2   | Identified the +4 arbalest "Xuthrixe" {elec, SInv} (You
                  | found it on level 2 of the Lair of Beasts)
 14145 | Lair:1   | Found a runed translucent gate.
 14146 | Lair:1   | Found a runed translucent gate.
 14146 | Lair:1   | Noticed tsbored's ghost (novice HOFi)
 14147 | Lair:1   | Found a runed translucent gate.
 14621 | Lair:1   | Identified the +8 flail of Kindness {freeze, rPois MP-9
                  | Str+7} (You found it on level 1 of the Lair of Beasts)
 14631 | Lair:1   | Acquired a +0 pair of gloves of dexterity
 14817 | Lair:2   | Found a basalt altar of Yredelemnul.
 15441 | Lair:3   | Reached skill level 1 in Crossbows
 15810 | Lair:3   | Reached XP level 13. HP: 119/119 MP: 12/12
 15818 | Lair:3   | Found a runed translucent door.
 15819 | Lair:3   | Noticed Gadfly's ghost (journeyman DrNe)
 16724 | Lair:4   | Reached skill level 13 in Fighting
 16743 | Lair:4   | Found a staircase to the Shoals.
 16886 | Lair:4   | Found a staircase to the Snake Pit.
 17718 | Lair:5   | Reached skill level 1 in Maces & Flails
 17797 | Lair:5   | Reached skill level 5 in Crossbows
 18406 | Lair:6   | Entered Level 6 of the Lair of Beasts
 18871 | Lair:6   | Reached skill level 14 in Fighting
 18944 | Lair:6   | Found a runed translucent door.
 18944 | Lair:6   | Found a viscous altar of Jiyva.
 18946 | Lair:6   | Noticed an acid blob
 18947 | Lair:6   | Found a staircase to the Slime Pits.
 19217 | Lair:6   | Noticed Rupert
 19227 | Lair:6   | Killed Rupert
 19279 | Lair:6   | Reached XP level 14. HP: 133/133 MP: 13/13
 20062 | Lair:6   | Reached skill level 15 in Polearms
 20386 | Lair:6   | Identified the +8 chain mail of Yvegg {rPois} (You found it
                  | on level 6 of the Lair of Beasts)
 20739 | Orc:1    | Entered Level 1 of the Orcish Mines
 21254 | D:9      | Reached skill level 15 in Fighting
 21613 | Orc:1    | Found Xoddu's Jewellery Emporium.
 21633 | Orc:1    | Bought an uncursed amulet of reflection for 420 gold pieces
 21681 | Orc:1    | Found a runed translucent door.
 21686 | Orc:1    | Noticed hawkwood's ghost (journeyman DgAr)
 22067 | Orc:2    | Entered Level 2 of the Orcish Mines
 22155 | Orc:2    | Found Nuqoon's Antique Armour Shoppe.
 22155 | Orc:2    | Noticed an orc warlord
 22171 | Orc:1    | Reached skill level 10 in Armour
 22348 | Orc:1    | Killed an orc warlord
 22409 | Orc:2    | Noticed Azrael
 22995 | Orc:2    | Killed Azrael
 23192 | Orc:2    | Noticed Nessos
 23197 | Orc:2    | Killed Nessos
 23649 | Orc:2    | Noticed a stone giant
 23665 | Orc:2    | Killed a stone giant
 23890 | Orc:2    | Found a staircase to the Elven Halls.
 23918 | Orc:2    | Found Ojegret's Antique Weapon Boutique.
 23965 | Orc:2    | Found Sodwatt's General Store.
 23973 | Orc:2    | Bought a potion of resistance for 170 gold pieces
 24092 | Orc:2    | Noticed Erolcha
 24101 | Orc:2    | Killed Erolcha
 24101 | Orc:2    | Reached skill level 16 in Fighting
 24261 | Orc:2    | Found Xaruni Qabi's Book Shop.
 24720 | Orc:2    | Bought 18 bolts for 61 gold pieces
 24932 | Lair:6   | Reached XP level 15. HP: 144/144 MP: 14/14
 25746 | D:12     | Found a runed translucent gate.
 25746 | D:12     | Found a runed translucent gate.
 25746 | D:12     | Found a runed translucent gate.
 25748 | D:12     | Noticed hawla's ghost (journeyman DrCj)
 26469 | D:12     | Found Soladet's Assorted Antiques.
 26478 | D:12     | Bought a garnet ring for 165 gold pieces
 26478 | D:12     | Bought a large brass ring for 165 gold pieces
 27318 | D:13     | Found Weeptauf's Food Boutique.
 28596 | D:14     | Identified Roxanne's Grimoire of Transmigration
 28596 | D:14     | Noticed Roxanne
 28613 | D:14     | HP: 2/145 [yaktaur captain/bolt (16)]
 29501 | D:14     | Found a gate to the Vaults.
 29601 | D:15     | Entered Level 15 of the Dungeon
 30326 | D:15     | Found a staircase to the Depths.
 30326 | D:15     | Noticed a fire giant
 30613 | D:14     | Reached skill level 17 in Fighting
 30874 | D:15     | Killed a fire giant
 31290 | D:15     | Found a glowing silver altar of Zin.
 32403 | Shoals:1 | Entered Level 1 of the Shoals
 33122 | Shoals:1 | Reached XP level 16. HP: 157/157 MP: 15/15
 33354 | Shoals:1 | Found a runed translucent door.
 33427 | Shoals:1 | Noticed pokeman's ghost (adept DEWz)
 33794 | Shoals:2 | Reached skill level 10 in Crossbows
 34778 | Shoals:2 | Reached skill level 18 in Fighting
 34894 | Shoals:2 | Noticed a kraken
 34921 | Shoals:2 | Killed a kraken
 35518 | Shoals:3 | Noticed Bai Suzhen
 35877 | Shoals:3 | Found a sacrificial altar of Ru.
 36035 | Shoals:3 | Noticed Ilsuiw
 36049 | Shoals:3 | HP: 7/158 [merfolk impaler/+1 trident of pain (5)]
 36051 | Shoals:3 | HP: 1/158 [water elemental[Ilsuiw] (7)]
 36051 | Shoals:3 | Slain by a merfolk siren

Illustrated notes

Levels and vault maps discovered:
D:1:      ldierk_walled_garden, layout_basic
D:2:      layout_loops_ring, tgw_fedhas, hangedman_decor_growths
D:3:      layout_rooms, grunt_dithmenos_smoke_and_mirrors
D:4:      layout_loops_ring, kennysheep_vampire_church, lemuel_crystal_altar,
          minmay_temple_entry_butterflies, first_ration, serial_rivers,
          chequers_serial_rivers_large_a, chequers_serial_rivers_micro_d,
          chequers_serial_rivers_room_b, chequers_serial_rivers_small_a,
          chequers_serial_rivers_room_b, serial_shops, shop
D:5:      layout_cave_pools, serial_shops, shop
D:6:      layout_loops_ring, lemuel_crystal_altar, serial_shops,
          nicolae_shop_stone, minmay_misc_feat_ornament, uniq_maggie
D:7:      layout_layer_cave, serial_shops, nicolae_shop_overgrown_old_shop,
          minmay_manual_mares
D:8:      layout_basic, minmay_overflow_temple_star_quad, basic_altar
D:9:      layout_basic, erik_orc_2, serial_shops, shop_statue, uniq_gastronok
D:10:     layout_rooms, hangedman_pestilent_swarm, grunt_ministairs_9, uniq_urug
D:11:     layout_basic, erik_lair_island, special_room [special_room_kobold],
          kb_rosetta
D:12:     layout_gridville, gammafunk_ghost_hydra_chop, serial_shops, shop
D:13:     layout_stronghold, serial_shops, shop_statue, minivault_16
D:14:     layout_cave_pools, david_vaults_2, hangedman_decor_lopped,
          uniq_roxanne
D:15:     grunt_enter_depths_giant_problem, layout_long_grid,
          nicolae_twisting_strands, basic_altar
Temple:   nicolae_temple_great_sept
Lair:1:   layout_gridlike, gammafunk_ghost_necromancy, minmay_lair_oklob_items,
          roderic_batcave, uniq_grum
Lair:2:   layout_loops_ring, basic_altar
Lair:3:   layout_cave_pods, gammafunk_ghost_grave, minivault_19,
          grunt_megastairs_5, infiniplex_staircase_pool
Lair:4:   layout_roguey, minmay_shoals_entry_beasts,
          guppyfry_snake_entry_island, lemuel_fruit_tree
Lair:5:   layout_gridlike, serial_bayou, serial_bayou_pond_d,
          serial_bayou_pond_c, serial_bayou_shore_a, serial_bayou_lagoon_a
Lair:6:   due_jungle_book, layout_regular_city, slime_altar_2, uniq_rupert
Shoals:1: layout_shoals, ebering_ghost_inner_flame
Shoals:2: layout_shoals, nicolae_shoals_kraken_intersection
Shoals:3: layout_shoals, hangedman_feature_mirror, uniq_bai_suzhen, uniq_ilsuiw
Orc:1:    layout_caves, serial_shops, shop, ebering_ghost_reflecting_pool
Orc:2:    grunt_orc_gardens, layout_diamond_mine, grunt_orc_garden,
          grunt_orc_garden, grunt_orc_garden, grunt_orc_garden,
          nicolae_orc_stony_grotto, uniq_erolcha, uniq_azrael, uniq_nessos

Skill      XL: |  1  2  3  4  5  6  7  8  9 10 11 12 13 14 15 16 |
---------------+-------------------------------------------------+-----
Shields        | 4 5 6 |  6.6
Fighting       | 4 5 6 7 8 9 11 12 14 16 17 18 | 18.3
Armour         | 4 5 6 7 8 9 10 11 12 | 12.2
Long Blades    | 3 4 5 6 7 |  7.3
Dodging        | 1 2 3 4 5 6 |  6.5
Throwing       | 2 3 5 8 9 10 11 | 11.7
Polearms       | 5 8 9 11 13 14 16 | 16.6
Stealth        | 1 2 |  2.8
Axes           | 2 3 4 |  4.5
Crossbows      | 2 6 7 9 10 | 10.5
Maces & Flails | 1 |  1.5
Evocations     | |  0.7

Action                   |  1- 3 |  4- 6 |  7- 9 | 10-12 | 13-15 | 16-18 || total
-------------------------+-------+-------+-------+-------+-------+-------++-------
Melee: Long sword        |   129 |   128 |    58 |     5 |       |       ||   320
       Headbutt          |    23 |    19 |    34 |    98 |   304 |    73 ||   551
       Halberd           |       |       |   127 |   436 |   918 |   224 ||  1705
       War axe           |       |       |       |     7 |    38 |       ||    45
       Flail             |       |       |       |       |     5 |       ||     5
       Arbalest          |       |       |       |       |    11 |     1 ||    12
       Great sword       |       |       |       |       |     7 |       ||     7
 Fire: Arbalest          |       |       |       |    24 |   282 |    64 ||   370
Throw: Stone             |     4 |       |       |       |       |       ||     4
       Boomerang         |       |     9 |    91 |   220 |   157 |    15 ||   492
       Dart              |       |       |       |    14 |       |       ||    14
       Javelin           |       |       |       |       |       |     5 ||     5
Invok: Lunge             |       |     1 |    12 |    12 |    16 |    15 ||    56
       Whirlwind         |       |       |    13 |    75 |   212 |    48 ||   348
       Heavenly Storm    |       |       |       |       |     1 |       ||     1
 Abil: Wall Jump         |       |       |       |     1 |    13 |       ||    14
       Evoke Flight      |       |       |       |       |     1 |     1 ||     2
       Stop Flying       |       |       |       |       |     1 |       ||     1
Evoke: Wand              |       |       |       |       |     7 |       ||     7
       Phial of floods   |       |       |       |       |     2 |       ||     2
       Phantom mirror    |       |       |       |       |     1 |       ||     1
  Use: Scroll            |     4 |     5 |     4 |    15 |    13 |     3 ||    44
       Potion            |     3 |     5 |     4 |     3 |    11 |     1 ||    27
 Stab: Sleeping          |       |       |       |     1 |       |       ||     1
       Distracted        |       |       |       |       |     1 |       ||     1
       Invisible         |       |       |       |       |     5 |       ||     5
  Eat: Chunk             |     3 |     6 |    11 |    21 |    38 |     8 ||    87
       Ration            |       |     1 |       |     1 |     5 |     1 ||     8
Armor: Scale mail        |    59 |       |       |       |       |       ||    59
       Chain mail        |    18 |    80 |       |       |   314 |   118 ||   530
       Ring mail         |       |     7 |    89 |   230 |     6 |       ||   332
       Plate armour      |       |       |       |       |   186 |       ||   186
Dodge: Dodged            |    34 |    53 |    91 |   318 |   500 |   134 ||  1130
Block: Kite shield       |    73 |    91 |    27 |       |       |       ||   191
       Other             |       |       |       |       |    91 |    45 ||   136
       Reflection        |       |       |       |       |    13 |     8 ||    21
       Rpst.: Long sword |    12 |    10 |     6 |     4 |     1 |       ||    33
       Great sword       |       |       |       |       |     1 |       ||     1
